 Dungeon Sprint DCSS version 0.17-a0-1701-gf693a3f (webtiles) character file.

53 Kidiri the Shield-Bearer (level 3, -2/34 HPs)
             Began as a Minotaur Fighter on Aug 21, 2015.
             Slain by a water elemental (15 damage)
             ... in the Dungeon (Sprint III: "The Ten Rune Challenge").
             The game lasted 00:02:10 (152 turns).

Kidiri the Shield-Bearer (Minotaur Fighter)          Turns: 152, Time: 00:02:10

Health: -2/34      AC:  7    Str: 21    XL:     3   Next: 64%
Magic:  2/2        EV:  8    Int:  3    God:
Gold:   32         SH: 10    Dex:  9    Spells: 0 memorised, 2 levels left

rFire  . . .     SeeInvis .     a - +0 flail
rCold  . . .     Clarity  .     b - +0 scale mail
rNeg   . . .     SustAt   .     c - +0 shield
rPois  +         Gourm    .     (helmet restricted)
rElec  .         Spirit   .     (no cloak)
rCorr  .         Warding  .     (no gloves)
rMut   .         NoTele   +     (no boots)
MR     .....                    (no amulet)
Stlth  ..........               (no ring)
                                (no ring)

@: not resistant to hostile enchantments, extremely unstealthy
A: retaliatory headbutt, horns 2, dopey 1, poison resistance, wild magic 1
a: no special abilities


You were in the Dungeon.
You were not hungry.

You visited 1 branch You collected 32 gold pieces.

Inventory:

Hand weapons
 a - a +0 flail (weapon)
Armour
 b - a +0 scale mail (worn)
 c - a +0 shield (worn)
Scrolls
 k - a scroll of blinking
 m - a scroll of recharging
 n - a scroll of fog {unknown}
 p - a scroll of holy word {unknown}
 r - 3 scrolls of remove curse
 v - a scroll of torment {unknown}
Potions
 d - a potion of might
 f - a potion of curing
 g - 3 potions of heal wounds
 h - a potion of haste
 i - 2 potions of magic
 j - a potion of berserk rage
 t - 2 potions of cure mutation
 u - 2 potions of flight
Comestibles
 e - a bread ration
 l - 6 chunks of flesh
 s - a royal jelly
 w - 4 fruits


   Skills:
 + Level 4.6 Fighting
 * Level 4.8 Maces & Flails
 * Level 5.6 Armour
 + Level 2.5 Dodging
 * Level 5.8 Shields


You had 2 spell levels left.
You didn't know any spells.

Dungeon Overview and Level Annotations

Branches:
Dungeon (1/1)

Altars:


Innate Abilities, Weirdness & Mutations

You reflexively headbutt those who attack you in melee.
You have a pair of horns on your head.
You are dopey. (Int -2)
Your system is resistant to poisons.
Your spells are a little harder to cast, but a little more powerful.


Message History

The water elemental is moderately damaged.
Your lungs strain for air!
The water elemental hits you. x2
With effort, you pull free of the water engulfing you.
You gasp with relief as air once again reaches your lungs.
You block the water elemental's attack.
You sock the water elemental!
Your headbutt misses the water elemental.
The water elemental is heavily damaged.
You block the water elemental's attack.
You hit the water elemental.
The water elemental is heavily damaged.
You block the water elemental's attack.
You barely miss the water elemental.
The water elemental is heavily damaged.
The water elemental closely misses you.
You hit the water elemental.
The water elemental is severely damaged.
The water elemental barely misses you. The water elemental hits you!
You die...

▓▓▓▓▓▓▓▓ ▓▓▓ <..#...####
##.# ...#...[..#####..#
..##.......#..#..#
##.##.##...#..#..###+#+#
##.##.###..##+#..#......
#.####.##..###..@E.⌠....
.###..##..####...#...###
#.....##..###....# ⌠.#
###..##...##.....# .#
##..##....#......# #
#..###..##.#.....# #..#
#..#####....# ▓▓▓▓ ▓▓▓▓
▓▓▓▓▓▓


You could see a water elemental.

Vanquished Creatures
  Jessica (D)
  A human (D)
  An ooze (D)
  A phantom (D)
  2 rats (D)
6 creatures vanquished.

Vanquished Creatures (others)
  A yaktaur (D)
1 creature vanquished.

Grand Total: 7 creatures vanquished

Notes
Turn   | Place    | Note
--------------------------------------------------------------
     0 | D        | Kidiri the Minotaur Fighter began the quest for the Orb.
     0 | D        | Reached XP level 1. HP: 19/19 MP: 0/0
    12 | D        | Reached skill level 4 in Armour
    12 | D        | Reached skill level 1 in Dodging
    31 | D        | Noticed Jessica
    34 | D        | Killed Jessica
    34 | D        | Reached skill level 5 in Armour
    34 | D        | Reached skill level 5 in Shields
    34 | D        | Reached XP level 2. HP: 24/28 MP: 1/1
    34 | D        | Reached XP level 3. HP: 29/34 MP: 2/2
   100 | D        | Killed a yaktaur
   136 | D        | Gained mutation: You have a pair of large horns on your head. [potion of mutation]
   136 | D        | Gained mutation: Armour fits poorly on your strangely shaped body. [potion of mutation]
   136 | D        | Gained mutation: Your body sometimes deteriorates upon taking damage. [potion of mutation]
   137 | D        | Lost mutation: You have a pair of large horns on your head. [potion of cure mutation]
   137 | D        | Lost mutation: Armour fits poorly on your strangely shaped body. [potion of cure mutation]
   137 | D        | Lost mutation: Your body sometimes deteriorates upon taking damage. [potion of cure mutation]
   138 | D        | Gained mutation: Your system is resistant to poisons. [potion of mutation]
   138 | D        | Gained mutation: Your spells are a little harder to cast, but a little more powerful. [potion of mutation]
   138 | D        | Gained mutation: You are dopey. (Int -2) [potion of mutation]
   144 | D        | Noticed a water elemental
   152 | D        | Slain by a water elemental

Vault maps used:
D:        dungeon_sprint_mu

Action                   || total
-------------------------++-------
Melee: Flail             ||    22
  Use: Scroll            ||     3
       Potion            ||     3
